 Dungeon Crawl Stone Soup version 0.19.1 (webtiles) character file.

49 Exaltedone87 the Covered (level 3, 0/34 HPs)
             Began as a Deep Dwarf Fighter on Dec 26, 2016.
             Slain by a worm (4 damage)
             ... on level 2 of the Dungeon.
             The game lasted 00:01:21 (613 turns).

Exaltedone87 the Covered (Deep Dwarf Fighter)        Turns: 613, Time: 00:01:22

Health: 0/34       AC:  6    Str: 20    XL:     3   Next: 51%
Magic:  3/3        EV:  8    Int:  8    God:
Gold:   31         SH:  9    Dex: 12    Spells: 0 memorised, 2 levels left

rFire  . . .     SeeInvis .     a - +0 war axe
rCold  . . .     Gourm    .     b - +0 scale mail
rNeg   . . .     Faith    .     c - +0 shield
rPois  .         Spirit   .     (no helmet)
rElec  .         Reflect  .     (no cloak)
rCorr  .         Harm     .     (no gloves)
MR     .....                    (no boots)
Stlth  ..........               (no amulet)
                                (no ring)
                                (no ring)

@: lethally poisoned (0 -> 0), non-regenerating
A: damage resistance, recharge devices, sense surroundings 1, slow regeneration
3
a: Device Recharging


You were on level 2 of the Dungeon.
You were not hungry.

You visited 1 branch of the dungeon, and saw 2 of its levels.

You collected 31 gold pieces.

Inventory:

Hand Weapons
 a - a +0 war axe (weapon)
Armour
 b - a +0 scale mail (worn)
 c - a +0 shield (worn)
Wands
 e - a wand of heal wounds (4/9)
Scrolls
 g - a scroll of identify {unknown}
 h - a scroll of magic mapping {unknown}
 i - a scroll of recharging {unknown}
 j - a scroll of random uselessness {unknown}
 k - a scroll of immolation {unknown}
Potions
 d - a potion of might
Comestibles
 f - a bread ration


   Skills:
 + Level 3.1 Fighting
 * Level 2.9 Axes
 + Level 3.5 Armour
 + Level 1.4 Dodging
 + Level 3.4 Shields


You had 2 spell levels left.
You didn't know any spells.

Dungeon Overview and Level Annotations

Branches:
Dungeon (2/15)

Altars:

Annotations:
D:2 Robin, Sigmund


Innate Abilities, Weirdness & Mutations

You are resistant to damage.
You can recharge devices by infusing magical energy.
You passively map a small area around you.
You do not regenerate.


Message History

Something hits you. The goblin barely misses you.
Robin hits you but does no damage. The goblin hits you but does no damage.
The hobgoblin hits you with a club.
You slash the goblin!
You kill the goblin!
You closely miss the hobgoblin. You closely miss the bat. You miss the goblin.
You block the bat's attack.
The goblin throws a stone.
The stone hits you but does no damage. Something hits you!
Robin throws the goblin at you!
The goblin hits you with a hunting sling.
You block the goblin's attack.
The hobgoblin hits you but does no damage.
You slash the hobgoblin!
You kill the hobgoblin!
You barely miss the goblin. You closely miss the goblin. You hit the worm.
You block Robin's attack. The goblin hits you but does no damage.
The goblin barely misses you. Something hits you!
* * * LOW HITPOINT WARNING * * *
The worm bites you.
You die...

#.....<..........#
#................#
..#h#...........###
>
...#.#......#....#
,. ......#....# , ,
* ....##..w!.#.#
#... #.#l{.# ..* *
,.......#g### ##
....#@# , *
,....(.w)gb.#, ** ,
..$..g..#### ,
>...?..... , ,* ,
,......... ,, ,
.........#
.......### * ,
....... * ,


You could see 2 worms, Robin, a leopard gecko, 2 goblins and a bat.

Vanquished Creatures
  An adder (D:2)
  A dart slug (D:1)
  4 bats (D:1)
  A giant cockroach (D:1)
  7 hobgoblins
  3 jackals (D:2)
  A frilled lizard (D:2)
  10 goblins
  2 kobolds
  3 rats
33 creatures vanquished.

Notes
Turn   | Place    | Note
-------+----------+-------------------------------------------
     0 | D:1      | Exaltedone87 the Deep Dwarf Fighter began the quest for the Orb.
     0 | D:1      | Reached XP level 1. HP: 20/20 MP: 1/1
   182 | D:1      | Reached XP level 2. HP: 27/27 MP: 2/2
   579 | D:2      | Noticed Sigmund
   595 | D:2      | Noticed Robin
   597 | D:2      | Reached skill level 1 in Dodging
   597 | D:2      | Reached XP level 3. HP: 15/33 MP: 3/3
   613 | D:2      | Slain by a worm

Skill      XL: |  1  2  3 |
---------------+----------+-----
Dodging        | 1 |  1.4
Fighting       | 3 |  3.1
Axes           | |  2.9
Armour         | |  3.5
Shields        | |  3.4

Action                   || total
-------------------------++-------
Melee: War axe           ||    58
Evoke: Wand              ||     1
Armor: Scale mail        ||    59
Dodge: Dodged            ||    42
Block: Shield            ||    63
